 Dungeon Crawl Stone Soup version 0.18.1-48-g4cf74bf (webtiles) character file.

22 Charly the Insei (level 3, -2/27 HPs)
             Began as a Human Skald on Aug 28, 2016.
             Slain by a gnoll
             ... wielding a +0 whip
              (7 damage)
             ... on level 3 of the Dungeon.
             The game lasted 00:06:00 (488 turns).

Charly the Insei (Human Skald)                       Turns: 488, Time: 00:06:00

Health: -2/27      AC:  8    Str: 12    XL:     3   Next: 7%
Magic:  6/6        EV:  5    Int: 13    God:
Gold:   58         SH:  0    Dex: 12    Spells: 2 memorised, 3 levels left

rFire  . . .     SeeInvis .       - Unarmed
rCold  . . .     Gourm    .     d - +0 chain mail (curse)
rNeg   . . .     Faith    .     (no shield)
rPois  .         Spirit   .     (no helmet)
rElec  .         Dismiss  .     (no cloak)
rCorr  .         Reflect  .     (no gloves)
SustAt .         Harm     .     (no boots)
MR     .....                    (no amulet)
Stlth  ..........               (no ring)
                                (no ring)

@: very slightly contaminated, hasted, very quick, not resistant to hostile
enchantments, extremely unstealthy
A: no striking features
a: no special abilities


You were on level 3 of the Dungeon.
You were not hungry.

You visited 1 branch of the dungeon, and saw 4 of its levels.

You collected 58 gold pieces.

Inventory:

Armour
 a - a +0 leather armour
 d - a cursed +0 chain mail (worn)
Scrolls
 i - a scroll of immolation {unknown}
 m - a scroll of remove curse {unknown}
 n - a scroll of noise {unknown}
 o - a scroll of teleportation {unknown}
Potions
 e - a potion of haste
 g - 2 potions of brilliance {unknown}
 k - a potion of flight {unknown}
 l - a potion of heal wounds {unknown}
Books
 b - a book of Battle

   Spells                             Type                      Level
   a - Infusion                       Charms                       1
   b - Shroud of Golubria             Charms/Translocation         2
   c - Song of Slaying                Charms                       2
   d - Spectral Weapon                Hexes/Charms                 3
   e - Regeneration                   Charms/Necromancy            3
Comestibles
 c - a bread ration
 f - a beef jerky
 h - a meat ration
 j - a slice of pizza


   Skills:
 - Level 2.0 Fighting
 - Level 1.0 Armour
 - Level 1.0 Dodging
 + Level 3.3 Unarmed Combat
 - Level 2.0 Spellcasting
 - Level 3.0 Charms


You had 3 spell levels left.
You knew the following spells:

 Your Spells              Type           Power        Failure   Level  Hunger
a - Infusion              Chrm           #...         100%        1    ##.....
b - Shroud of Golubria    Chrm/Tloc      #.........   100%        2    ###....


Dungeon Overview and Level Annotations

Branches:
Dungeon (4/15)
 Temple: D:4-7

Altars:


Message History

You hit the gnoll.
The gnoll is severely wounded.
The gnoll barely misses you.
You closely miss the gnoll.
The gnoll is severely wounded.
You hit the gnoll but do no damage.
The gnoll is severely wounded.
The gnoll hits you but does no damage.
You closely miss the gnoll.
The gnoll is severely wounded.
The gnoll hits you but does no damage.
Your chain mail prevents you from hitting the gnoll.
The gnoll is heavily wounded.
You hit the gnoll.
The gnoll is severely wounded.
The gnoll hits you but does no damage.
You hit the gnoll.
The gnoll is almost dead.
The gnoll hits you with a whip!
You die...

#.#.#.#.#.# #.........[
##.#.#.#.#.##
............#######
##.#.#.#.#......#
###<........# ##.######
)..#.#.#.#.## ##...#....
##...)......###.g....#
#..#.#.#.#.#....@....#
.............##......##.
#...####...#.###.........
...## #..##............#
##.# #..######..#.##.##
#.# #..# ##.#... .. #.#
#..# #..#.## # #.# ..#.##
#.# ####


You could see a gnoll.

Vanquished Creatures
  2 orcs (D:3)
  A bat (D:1)
  3 goblins (D:2)
  4 hobgoblins
  4 kobolds
  A giant newt (D:1)
  A rat (D:1)
16 creatures vanquished.

Notes
Turn   | Place    | Note
--------------------------------------------------------------
     0 | D:1      | Charly the Human Skald began the quest for the Orb.
     0 | D:1      | Reached XP level 1. HP: 16/16 MP: 3/3
    97 | D:1      | Reached XP level 2. HP: 17/22 MP: 0/5
   101 | D:1      | Learned a level 2 spell: Shroud of Golubria
   295 | D:3      | Noticed a scorpion
   438 | D:3      | Reached XP level 3. HP: 16/27 MP: 6/6
   488 | D:3      | Slain by a gnoll

Skill      XL: |  1  2 |
---------------+-------+-----
Unarmed Combat | 3 |  3.3
Fighting       | |  2.0
Armour         | |  1.0
Dodging        | |  1.0
Spellcasting   | |  2.0
Charms         | |  3.0

Action                   || total
-------------------------++-------
Melee: Unarmed           ||    99
       Punch             ||     1
 Cast: Infusion          ||     2
  Use: Potion            ||     1
Armor: Leather armour    ||     3
       Chain mail        ||    29
Dodge: Dodged            ||    28
